 Dungeon Crawl Stone Soup version 0.18-a0-1654-ge73a678 (webtiles) character file.

852118 Eptagon the Conqueror (level 27, -8/199 HPs)
             Began as a Gargoyle Monk on Mar 29, 2016.
             Was the Champion of Cheibriados.
             Killed by the air
             ... invoked by a blizzard demon
              (38 damage)
             ... in Pandemonium on Mar 30, 2016.
             The game lasted 03:53:08 (63098 turns).

Eptagon the Conqueror (Gargoyle Monk)              Turns: 63098, Time: 03:53:08

Health: -8/199     AC: 66    Str: 34    XL:     27
Magic:  36/41      EV: 21    Int: 38    God:    Cheibriados [******]
Gold:   8806       SH: 23    Dex: 29    Spells: 9 memorised, 16 levels left

rFire  + . .     SeeInvis +       - Unarmed
rCold  + . .     Gourm    .     R - +8 orange crystal plate armour {Archmagi, Int+3 Clar SustAt}
rNeg   + . .     Faith    .     g - +4 shield {rF+}
rPois  ∞         Spirit   .     w - +0 mask of the Dragon {MR+ Slay+3 SInv}
rElec  +         Dismiss  .     j - +2 cloak of the Thief {+Fog Slay-2 SInv Stlth+}
rCorr  +         Reflect  .     A - +0 pair of gloves of Creativity {rElec Regen+ rCorr Slay+6}
SustAt +         Harm     .     V - +2 pair of boots
MR     ++++.     Clarity  +     i - amulet of regeneration
Stlth  ..........               t - +5 ring of evasion
                                C - ring of Eding {+Blink rC+ Str-3 Int+3 Dex+2}

@: flying, very slightly contaminated, regenerating, repel missiles, very slow,
incredibly resistant to hostile enchantments, extremely unstealthy
A: big wings, magic resistance 1, negative energy resistance 1, electricity
resistance, slow regeneration 1, unbreathing, petrification resistance, rot
immunity, AC +20
a: Stop Flying, Bend Time, Temporal Distortion, Slouch, Step From Time, Renounce
Religion, Evoke Blink, Evoke Fog
}: 8/15 runes: decaying, serpentine, slimy, silver, abyssal, magical, fiery,
dark


You were in Pandemonium.
You worshipped Cheibriados.
Cheibriados was exalted by your worship.
You were very full.

You visited 11 branches of the dungeon, and saw 56 of its levels.
You visited Pandemonium 1 time, and saw 18 of its levels.
You visited the Abyss 3 times.
You also visited: Labyrinth, Ossuary, Ice Cave and Volcano.

You collected 11540 gold pieces.
You spent 2734 gold pieces at shops.

Inventory:

Hand Weapons
 F - the +6 Sword of Cerebov {flame}
   (You took it off Cerebov in Pandemonium)

   It has been specially enchanted to burn those struck by it, causing extra
   injury to most foes and up to half again as much damage against particularly
   susceptible opponents.
   Big, fiery blades are also staple armaments of hydra-hunters.
Armour
 g - a +4 shield of fire resistance (worn)
 j - the +2 cloak of the Thief (worn) {+Fog Slay-2 SInv Stlth+}
   (You found it on level 3 of the Elven Halls)

   It affects your accuracy and damage with ranged weapons and melee attacks
   (-2).
   It lets you see invisible.
   It can be evoked to emit clouds of fog.
   It makes you more stealthy.
 w - the +0 mask of the Dragon (worn) {MR+ Slay+3 SInv}
   (You found it on level 3 of the Elven Halls)

   It affects your accuracy and damage with ranged weapons and melee attacks
   (+3).
   It affects your resistance to hostile enchantments.
   It lets you see invisible.
 A - the +0 pair of gloves of Creativity (worn) {rElec Regen+ rCorr Slay+6}
   (You acquired it on level 3 of the Vaults)

   It affects your accuracy and damage with ranged weapons and melee attacks
   (+6).
   It insulates you from electricity.
   It increases your rate of regeneration.
   It protects you from acid and corrosion.
 J - a +2 large shield of protection
 R - the +8 orange crystal plate armour (worn) {Archmagi, Int+3 Clar SustAt}
   (You found it on level 12 of the Dungeon)

   It affects your intelligence (+3).
   It sustains your strength, intelligence and dexterity.
   It protects you against confusion.
 V - a +2 pair of boots (worn)
 X - a +2 shield of cold resistance
Magical Staves
 b - an uncursed staff of earth
Jewellery
 i - an amulet of regeneration (around neck)
 k - the amulet "Alazxeas" {Reflect rElec rPois Int+3 SH+5}
   (You acquired it in Pandemonium)

   [amulet of reflection]

   It shields you and reflects attacks.
   It affects your intelligence (+3).
   It insulates you from electricity.
   It protects you from poison.
   It affects your SH (+5).
 t - a +5 ring of evasion (right hand)
 C - the ring of Eding (left hand) {+Blink rC+ Str-3 Int+3 Dex+2}
   (You took it off a deep elf knight on level 3 of the Elven Halls)

   [ring of intelligence]

   It affects your strength (-3).
   It affects your intelligence (+3).
   It affects your dexterity (+2).
   It protects you from cold.
   It lets you blink.
 L - a +4 ring of evasion
Wands
 c - a wand of digging (20/24)
 h - a wand of iceblast (6/15)
 B - a wand of teleportation (4/9)
 H - a wand of lightning (8/15)
 K - a wand of digging (13/24)
 O - a wand of teleportation (5/9)
 S - a wand of disintegration (20/24)
 U - a wand of heal wounds (6/9)
Scrolls
 a - 34 scrolls of remove curse
 d - 8 scrolls of blinking
 e - 7 scrolls of fog
 f - 5 scrolls of recharging
 r - 24 scrolls of teleportation
 G - 9 scrolls of fear
 P - 13 scrolls of identify
 Q - 2 scrolls of silence
 T - 11 scrolls of magic mapping
 W - 2 scrolls of holy word
 Y - 2 scrolls of summoning
Potions
 o - 6 potions of brilliance
 p - 2 potions of resistance
 q - 23 potions of curing
 u - 3 potions of cure mutation
 v - 6 potions of might
 x - 8 potions of magic
 D - 4 potions of agility
 E - 2 potions of heal wounds
 Z - 3 potions of cancellation
Miscellaneous
 l - a phial of floods
 n - a lamp of fire
 y - a disc of storms
 z - a legendary deck of summoning {Repulsiveness}
 M - 4 phantom mirrors
 N - a fan of gales
Comestibles
 m - 34 meat rations
 I - 37 fruits


   Skills:
 O Level 27 Fighting
 - Level 22.0 Armour
 - Level 9.0 Dodging
 - Level 2.1 Stealth
 + Level 19.3 Shields
 - Level 20.0 Unarmed Combat
 + Level 14.4 Spellcasting
 - Level 4.0 Charms
 - Level 6.0 Necromancy
 + Level 16.7 Translocations
 + Level 23.8 Earth Magic
 - Level 12.0 Invocations


You had 16 spell levels left.
You knew the following spells:

 Your Spells              Type           Power        Failure   Level  Hunger
b - Blink                 Tloc           N/A          0%          2    None
i - Iron Shot             Conj/Erth      ########..   12%         6    #......
l - Lee's Rapid Deconstr  Erth           ########..   1%          5    None
m - Repel Missiles        Chrm/Air       ######       8%          2    None
r - Regeneration          Chrm/Necr      #######...   3%          3    None
s - Shroud of Golubria    Chrm/Tloc      ########..   1%          2    None
B - Summon Butterflies    Summ           #####...     10%         1    None
C - Controlled Blink      Tloc           N/A          69%         8    ######.
Z - Shatter               Erth           ########..   65%         9    #######


Dungeon Overview and Level Annotations

Branches:
Dungeon (15/15)            Temple (1/1) D:5            Lair (8/8) D:8
  Swamp (4/4) Lair:3        Snake (4/4) Lair:5        Slime (6/6) Lair:8
    Orc (2/2) D:9             Elf (3/3) Orc:2        Vaults (5/5) D:13
  Crypt (3/3) Vaults:2       Tomb (0/3) Crypt:3      Depths (5/5) D:15
    Zot (0/5) Depths:5

Altars:
Ashenzari
Cheibriados
Dithmenos
Elyvilon
Fedhas
Gozag
Kikubaaqudgha
Makhleb
Nemelex Xobeh
Okawaru
Pakellas
Qazlal
Ru
Sif Muna
Trog
Vehumet
Xom
Yredelemnul
Zin
The Shining One
Jiyva
Lugonu

Shops:
D:5 [   D:9 %   D:10 (   Orc:2 (%[[*   Elf:2 ?   Elf:3 [   Snake:3 ?
Vaults:5 !!%[}=

Portals:
Hell: Depths:1 Depths:2 Depths:3 Depths:4 Depths:5
Abyss: Depths:1 Depths:3 Depths:4 Depths:5
Pandemonium: Depths:3 Depths:4
Ziggurat: Depths:1

Annotations:
Elf:2 1 runed door


Innate Abilities, Weirdness & Mutations

You are resistant to torment.
Your stone body is resilient (AC +20).
You are immune to poison.
Your large and strong wings let you fly indefinitely.
You resist negative energy.
You are resistant to electric shocks.
You can survive without breathing.
You are immune to petrification.
You are immune to rotting.
You are resistant to hostile enchantments.
You regenerate slowly when monsters are visible.


Message History

The blizzard demon is engulfed in freezing vapours. x2
The blizzard demon gestures at you.
The freezing blast engulfs the blizzard demon.
The blizzard demon resists.
The blizzard demon is engulfed in freezing vapours.
The blizzard demon gestures at you.
The bolt of cold hits the blizzard demon.
The blizzard demon resists.
The bolt of cold misses you.
Evoke which item? (* to show all) (? for menu, Esc to quit)
Zapping:
S - a wand of disintegration (21/24)
Press: ? - help, Shift-Dir - straight line The wall of the weird stuff which makes up Pandemonium explodes into countless fragments.
This wand has 20 charges left.
You are engulfed in freezing vapours.
You resist.
The blizzard demon is engulfed in freezing vapours.
You block the blizzard demon's attack. x2
The blizzard demon is engulfed in freezing vapours.
The blizzard demon waves its arms in wide circles.
The air twists around and violently strikes you in flight!
You die...

#.#.# #...#
#####22.#
....§2§2#
#####2#§####≈≈
#22!.)...≈≈
#.#####....
##2# .. #@##
##.# ##


You could see 8 blizzard demons.

Vanquished Creatures
  Cerebov (Pan)
  the Royal Jelly (Slime:6)
  Dissolution (Slime:5)
  Lom Lobon (Pan)
  Gloorx Vloq (Pan)
  3 ancient liches
  3 pandemonium lords (Pan)
  the Lernaean hydra (Swamp:4)
  Boris (thrice) (Vaults:3 Crypt:2 Vaults:5)
  Margery (Crypt:2)
  2 golden dragons (Vaults:5)
  Nikola (Swamp:3)
  A profane servitor (Crypt:3)
  Jory (Depths:3)
  9 Tzitzimimeh (Pan)
  5 bone dragons
  4 tentacled monstrosities (Vaults:5)
  6 Brimstone Fiends (Pan)
  A hellephant (Abyss:5)
  3 Hell Sentinels (Pan)
  5 liches
  2 quicksilver dragons (Vaults:5)
  A deep elf blademaster (Elf:3)
  19 acid blobs
  7 titans
  2 deep elf master archers (Elf:3)
  An acid blob (shapeshifter) (Depths:2)
  3 tentacled starspawn
  6 ancient champions
  32 Executioners (Pan)
  An eldritch tentacle (Crypt:3)
  A thorn hunter (Swamp:2)
  Frances (Elf:1)
  2 shadow dragons (Vaults:5)
  2 sphinxes
  Kirke (D:13)
  5 storm dragons
  5 tengu reavers
  9 azure jellies
  An iron dragon (Vaults:5)
  A draconian monk (Depths:5)
  9 blood saints (Pan)
  A shadow dragon (shapeshifter) (Vaults:5)
  7 greater nagas
  9 fire giants
  5 revenants
  8 frost giants
  8 deep elf sorcerers
  16 balrugs (Pan)
  16 vault wardens
  Louise (Swamp:2)
  10 cacodemons
  Donald (Swamp:2)
  Aizul (Elf:1)
  A deep elf elementalist (Vaults:5)
  4 curse skulls
  11 ghouls
  2 ghost moths (shapeshifter)
  2 draconian zealots (Depths:5)
  12 warmongers (Pan)
  13 ironheart preservers
  4 draconian annihilators (Pan)
  A war gargoyle (Vaults:5)
  8 reapers (Pan)
  5 corrupters (Pan)
  21 stone giants
  18 very ugly things
  4 caustic shrike skeletons
  3 salamander stormcallers
  10 chaos champions (Pan)
  11 vampire knights
  A yellow draconian (Depths:5)
  14 deep elf annihilators
  14 lorocyprocas
  6 deep elf demonologists
  A white draconian (Depths:5)
  4 spark wasps (Depths:5)
  A purple draconian (Depths:5)
  Azrael (Snake:3)
  14 black suns (Pan)
  6 dire elephants (Abyss:5)
  A mottled draconian (Depths:5)
  A spectral quicksilver dragon (Crypt:3)
  2 eidola
  14 deep elf death magi
  14 blizzard demons (Pan)
  18 green deaths
  7 death oozes (Slime:6)
  A minotaur (Lab)
  29 vault guards
  19 jiangshi
  18 ettins
  8 fire dragons
  A crystal guardian (Vaults:4)
  6 deep elf high priests
  12 naga warriors
  A fire dragon (shapeshifter) (Depths:2)
  10 yaktaur captains
  22 hydras
  16 great orbs of eyes
  An ice dragon (shapeshifter) (Depths:4)
  15 monstrous demonspawn
  5 ice dragons
  A great orb of eyes (shapeshifter) (Vaults:5)
  5 entropy weavers
  3 hell beasts (Pan)
  5 spriggan air magi
  7 rakshasas
  3 quicksilver dragon skeletons (Depths:4)
  3 ghost crabs
  12 anacondas
  13 centaur warriors
  10 alligators
  2 iron giant skeletons (Depths:4)
  9 death knights
  18 ogre magi
  6 deep troll shamans
  29 dancing weapons
  2 tengu warriors
  4 deep troll earth magi
  2 orc high priests
  2 thrashing horrors (Abyss:4)
  2 spriggan berserkers (Depths:5)
  8 shock serpents
  6 death yaks (Lair:5)
  The ghost of Herrn the Cleaver, a journeyman VSFi of Okawaru (D:10)
  A titan zombie (Crypt:2)
  14 naga sharpshooters
  4 vampire magi
  15 hell knights
  50 sun demons (Pan)
  11 spriggans
  18 soul eaters
  41 skeletal warriors
  3 wretched stars (Abyss:5)
  2 titan skeletons (Pan)
  A fire crab (shapeshifter) (Vaults:3)
  26 deep elf knights
  Nergalle (Orc:1)
  5 giant orange brains
  3 fire crabs
  2 iron trolls
  10 sea snakes (Snake:4)
  A deep troll (shapeshifter) (Vaults:5)
  A quicksilver dragon simulacrum (Crypt:1)
  A salamander mystic (Depths:1)
  13 shadow wraiths
  2 spriggan druids
  49 large abominations
  8 unseen horrors
  12 putrid demonspawn (Pan)
  5 wizards
  8 shadow demons (Pan)
  10 flayed ghosts
  12 gelid demonspawn (Pan)
  11 deep trolls
  2 spark wasp zombies
  13 infernal demonspawn
  7 naga ritualists
  14 swamp dragons
  An orange crystal statue (Depths:1)
  5 harpies (Vaults:4)
  4 shambling mangroves
  16 deep elf archers
  Pikel (D:9)
  9 orc knights
  9 torturous demonspawn (Pan)
  8 hill giants
  An anubis guard (shapeshifter) (Depths:2)
  17 ironbrand convokers
  A lindwurm (Depths:2)
  8 mana vipers
  5 golden dragon skeletons
  An iron dragon zombie (Depths:1)
  78 deep elf magi
  An anaconda skeleton (Pan)
  3 frost giant zombies
  6 griffons
  2 tengu skeletons
  4 wolf spiders
  26 phantasmal warriors
  A sphinx skeleton (Depths:4)
  2 cyclopes (shapeshifter) (Depths:2)
  4 hornets
  13 necromancers
  A wolf spider (shapeshifter) (Depths:2)
  The ghost of Duffy the Slasher, a novice HEFE of Cheibriados (D:6)
  A moth of wrath (shapeshifter) (D:15)
  6 shining eyes
  5 orc sorcerers
  A hell hog skeleton (Crypt:1)
  2 manticores
  9 salamanders
  8 cyclopes
  3 worldbinders (Abyss:3)
  19 sixfirhies
  56 ugly things
  9 guardian serpents
  18 elephants
  A guardian serpent (shapeshifter) (Depths:2)
  2 ice statues (IceCv)
  A frost giant skeleton (Abyss:5)
  4 rust devils
  2 titan simulacra (Crypt:1)
  A fire giant skeleton (Pan)
  2 torpor snails
  Psyche (D:9)
  An elephant (shapeshifter) (Depths:5)
  An eye of devastation (Slime:6)
  A black mamba (shapeshifter) (Vaults:4)
  18 naga magi
  16 vault sentinels
  17 orange demons (Pan)
  3 gargoyles
  34 black mambas
  20 smoke demons
  2 dire elephant skeletons (Pan)
  2 molten gargoyles (Volcano)
  A rime drake (shapeshifter) (Elf:1)
  A storm dragon simulacrum (Vaults:3)
  12 spiny frogs
  2 yaktaur zombies
  2 hellions (Pan)
  4 rime drakes
  6 komodo dragons
  2 ancient zymes (Abyss:5)
  7 demonic crawlers (Pan)
  10 efreet
  A kobold demonologist (Vaults:3)
  A red draconian zombie (Crypt:2)
  A golden dragon simulacrum (Crypt:1)
  26 freezing wraiths
  A harpy zombie (D:15)
  31 yaktaurs
  16 ice devils
  4 tormentors (Pan)
  A queen bee (shapeshifter) (Vaults:5)
  An anaconda simulacrum (Abyss:5)
  18 hellwings
  A tengu conjurer (Swamp:3)
  A merfolk (shapeshifter) (Depths:1)
  23 red devils
  2 jumping spiders
  The ghost of Herrn the Chopper, a novice VSFi (D:5)
  12 trolls
  12 polar bears
  A merfolk (D:10)
  A hydra zombie (Crypt:3)
  7 giant leeches
  Grinder (D:4)
  2 shadow dragon simulacra
  5 raiju
  2 harpy skeletons
  14 bog bodies
  A death drake zombie (Crypt:1)
  Prince Ribbit (D:6)
  35 two-headed ogres
  A wolf spider simulacrum (Crypt:1)
  A satyr zombie (Crypt:1)
  A griffon zombie (Crypt:2)
  A slime creature (shapeshifter) (Depths:2)
  27 blink frogs
  2 frost giant simulacra (Crypt:1)
  117 slime creatures
  6 boulder beetles
  A fire giant simulacrum (Crypt:1)
  Sigmund (D:3)
  52 flying skulls
  4 water elementals
  A fire dragon skeleton (Crypt:1)
  13 wraiths
  A tarantella (shapeshifter) (D:13)
  10 redbacks
  6 air elementals
  15 shadows
  An ice dragon skeleton (Pan)
  A vampire (D:15)
  A spriggan (shapeshifter) (D:15)
  A wyvern (Lair:6)
  A dire elephant simulacrum (Crypt:1)
  2 ettin skeletons (Pan)
  A fire bat (Volcano)
  A black mamba skeleton (Pan)
  A hog (D:13)
  27 ynoxinuls
  55 yaks
  8 fire elementals
  5 humans (D:13)
  9 hippogriffs
  A human (shapeshifter) (Elf:2)
  2 golden eyes (Slime:6)
  A basilisk (shapeshifter) (Vaults:1)
  25 chaos spawn
  13 neqoxecs
  A golden eye (shapeshifter) (Vaults:4)
  2 basilisks
  23 vampire mosquitoes
  An insubstantial wisp (Depths:2)
  43 nagas
  18 wargs
  A mottled dragon (Vaults:1)
  A harpy simulacrum (Crypt:1)
  14 swamp worms
  Duvessa (D:4)
  15 water moccasins
  16 small abominations
  A monstrous demonspawn skeleton (Crypt:1)
  A soldier ant (D:14)
  2 hydra simulacra (Crypt:1)
  20 hell hounds
  8 porcupines
  12 swamp drakes
  31 orc warriors
  A water moccasin (shapeshifter) (Vaults:3)
  A water nymph skeleton (Crypt:2)
  A spiny frog skeleton (Pan)
  2 fire dragon simulacra
  An ogre (shapeshifter) (D:15)
  4 slaves (D:9)
  13 black bears (Lair:8)
  6 ice beasts
  3 sky beasts
  2 ettin simulacra (Crypt:1)
  An eye of draining (shapeshifter) (D:15)
  6 necrophages
  22 wasps
  2 ice dragon simulacra (Crypt:1)
  67 ogres
  5 eyes of draining
  7 boggarts
  A phantom (D:13)
  36 wolves
  23 centaurs
  A crocodile (shapeshifter) (Vaults:5)
  17 crocodiles
  4 big kobolds
  25 giant frogs
  11 elf zombies
  A dryad skeleton (Crypt:2)
  Dowan (D:4)
  2 gnoll sergeants
  2 earth elementals (Elf:1)
  A spiny frog simulacrum (Crypt:1)
  4 scorpions
  A water moccasin zombie (Crypt:2)
  A deep troll simulacrum (Depths:2)
  A warg zombie (Crypt:1)
  A wyvern skeleton (Crypt:2)
  5 killer bees (D:7)
  3 wights (D:12)
  A lava snake (Volcano)
  10 electric eels
  9 crimson imps
  A giant frog zombie (D:11)
  17 starcursed masses (Abyss:5)
  2 human zombies (Ossuary)
  2 quasits
  22 hounds
  20 jellies
  A gnoll shaman (D:5)
  2 basilisk zombies (Lair:5)
  7 centaur skeletons
  15 orc priests
  7 centaur zombies
  An iron imp (Depths:3)
  8 iguanas
  Jessica (D:3)
  Ijyb (D:2)
  Natasha (thrice) (D:3)
  Terence (D:3)
  2 human skeletons
  17 orc wizards
  4 worker ants
  A spriggan simulacrum (IceCv)
  2 troll simulacra (IceCv)
  33 sheep
  A tengu zombie (Crypt:1)
  A giant frog simulacrum (D:12)
  A crocodile zombie (Lair:5)
  3 centaur simulacra (IceCv)
  3 hound skeletons
  3 mummies (Ossuary)
  Robin (D:3)
  19 gnolls
  A howler monkey skeleton (D:5)
  A steam dragon zombie (Crypt:2)
  12 adders
  2 naga simulacra (IceCv)
  2 ogre simulacra (IceCv)
  53 river rats
  A steam dragon skeleton (Crypt:1)
  7 shadow imps
  3 white imps
  5 ufetubi
  An adder zombie (D:7)
  3 worms
  3 ball lightnings (Pan)
  3 dart slugs
  4 giant geckos
  85 orcs
  A bat skeleton (Crypt:1)
  6 giant cockroaches
  12 goblins
  12 hobgoblins
  20 jackals
  6 quokkas
  6 bats
  A giant gecko skeleton (Crypt:1)
  A giant gecko zombie (D:9)
  6 giant newts
  A jackal skeleton (D:5)
  13 kobolds
  An orc simulacrum (Crypt:1)
  A quokka skeleton (D:5)
  2 quokka zombies (D:4)
  8 rats
  6 crawling corpses (Vaults:5)
  A plant (Lair:8)
  A starspawn tentacle (Abyss:5)
3379 creatures vanquished.

Vanquished Creatures (collateral kills)
  2 ball lightnings (Pan)
2 creatures vanquished.

Vanquished Creatures (others)
  A lich (Vaults:5)
  An iron dragon (Vaults:5)
  A blood saint (Pan)
  A fire giant (Depths:4)
  A deep elf sorcerer (Elf:2)
  A green death (Pan)
  2 vault guards (Vaults:5)
  2 ogre magi
  A shock serpent (Pan)
  A deep elf knight (Vaults:4)
  2 deep trolls
  A wizard (D:13)
  A phantasmal warrior (Crypt:3)
  An ugly thing (Depths:2)
  A hornet (Vaults:4)
  A cyclops (Orc:2)
  A black mamba (Snake:4)
  An orange demon (Pan)
  A spiny frog (Swamp:4)
  An ice devil (Pan)
  A slime creature (Swamp:1)
  A redback (Depths:1)
  A chaos spawn (Pan)
  A naga (Snake:4)
  2 ogres
  A boggart (Depths:4)
  3 centaurs (Vaults:4)
  A crimson imp (Depths:1)
  36 ball lightnings (Pan)
  An orc (Vaults:4)
  17 eldritch tentacle segments (Crypt:3)
  20 fungi
  7 lost souls
  16 plants
  10 starspawn tentacles
  61 starspawn tentacle segments
202 creatures vanquished.

Grand Total: 3583 creatures vanquished

Notes
Turn   | Place    | Note
--------------------------------------------------------------
     0 | D:1      | Eptagon the Gargoyle Monk began the quest for the Orb.
     0 | D:1      | Reached XP level 1. HP: 14/14 MP: 1/1
   489 | D:1      | Reached XP level 2. HP: 16/19 MP: 2/2
   953 | D:2      | Reached skill level 5 in Unarmed Combat
   953 | D:2      | Reached XP level 3. HP: 21/23 MP: 3/3
  1018 | D:2      | Found an iron altar of Okawaru.
  1170 | D:2      | Noticed Ijyb
  1201 | D:2      | Killed Ijyb
  1201 | D:2      | Reached XP level 4. HP: 28/28 MP: 4/4
  1429 | D:3      | Noticed Sigmund
  1481 | D:2      | Reached XP level 5. HP: 19/32 MP: 5/5
  1646 | D:3      | Found a shattered altar of Ashenzari.
  1739 | D:3      | Noticed Jessica
  1747 | D:3      | Killed Jessica
  1879 | D:3      | Noticed Robin
  1925 | D:3      | Killed Robin
  2007 | D:3      | Killed Sigmund
  2007 | D:3      | Reached XP level 6. HP: 31/37 MP: 6/6
  2189 | D:3      | Noticed Natasha
  2194 | D:3      | Killed Natasha
  2330 | D:3      | Noticed Terence
  2330 | D:3      | Noticed Natasha
  2341 | D:3      | Killed Natasha
  2341 | D:3      | Reached XP level 7. HP: 34/41 MP: 7/7
  2358 | D:3      | Killed Terence
  2567 | D:3      | Noticed Natasha
  2576 | D:3      | Killed Natasha
  2784 | D:4      | Noticed Duvessa
  2785 | D:4      | Noticed Dowan
  3015 | D:4      | Killed Duvessa
  3040 | D:4      | Killed Dowan
  3088 | D:4      | Found a sand-covered staircase.
  3156 | Ossuary  | Entered an ossuary
  3188 | Ossuary  | Reached XP level 8. HP: 41/46 MP: 8/8
  3233 | Ossuary  | Reached skill level 10 in Unarmed Combat
  3631 | D:4      | Noticed Grinder
  3637 | D:4      | Paralysed by Grinder for 4 turns
  3651 | D:4      | Killed Grinder
  3651 | D:4      | Reached skill level 1 in Armour
  3657 | D:4      | Found a basalt altar of Yredelemnul.
  3657 | D:4      | Found a burning altar of Makhleb.
  3759 | D:4      | Reached XP level 9. HP: 10/52 MP: 9/9
  3788 | D:4      | Reached skill level 4 in Fighting
  4268 | D:5      | Entered Level 5 of the Dungeon
  4275 | D:5      | Noticed Herrn's ghost (novice VSFi)
  4286 | D:5      | Killed Herrn's ghost
  4389 | D:5      | Found a staircase to the Ecumenical Temple.
  4408 | Temple   | Entered the Ecumenical Temple
  4625 | Temple   | Became a worshipper of Cheibriados the Contemplative
  4625 | Temple   | Reached * piety under Cheibriados
  4625 | Temple   | Reached ** piety under Cheibriados
  4720 | D:5      | Found Ingeliti's Antique Armour Shoppe.
  4723 | D:5      | Bought a glowing chain mail for 126 gold pieces
  4793 | D:5      | Found a glowing golden altar of the Shining One.
  4918 | D:5      | Noticed a two-headed ogre
  4926 | D:5      | Killed a two-headed ogre
  4926 | D:5      | Reached skill level 5 in Fighting
  5099 | D:5      | Reached *** piety under Cheibriados
  5240 | D:6      | Noticed Prince Ribbit
  5247 | D:6      | Killed Prince Ribbit
  5320 | D:6      | Noticed Duffy's ghost (novice HEFE)
  5336 | D:6      | Killed Duffy's ghost
  5336 | D:6      | Reached skill level 6 in Fighting
  5336 | D:6      | Reached XP level 10. HP: 28/60 MP: 10/10
  5556 | D:6      | Found a stormy altar of Qazlal.
  5949 | D:6      | Found a radiant altar of Vehumet.
  6477 | D:7      | Reached skill level 5 in Armour
  6485 | D:7      | Reached **** piety under Cheibriados
  6795 | D:7      | Found a bloodstained altar of Trog.
  7142 | D:8      | Reached ***** piety under Cheibriados
  7369 | D:8      | Reached skill level 7 in Fighting
  7373 | D:8      | Found a staircase to the Lair.
  7729 | Lair:1   | Entered Level 1 of the Lair of Beasts
  7845 | Lair:1   | Noticed a seven-headed hydra
  7853 | Lair:1   | Killed a seven-headed hydra
  8086 | Lair:1   | Reached XP level 11. HP: 53/68 MP: 11/11
  8234 | Lair:1   | Reached skill level 8 in Fighting
  8427 | Lair:1   | Reached skill level 1 in Invocations
  9411 | Lair:2   | Reached ****** piety under Cheibriados
  9688 | Lair:3   | Reached skill level 9 in Fighting
  9704 | Lair:3   | Noticed a seven-headed hydra
  9715 | Lair:3   | Killed a seven-headed hydra
 10084 | Lair:3   | Noticed an alligator
 10085 | Lair:3   | Found a staircase to the Swamp.
 10090 | Lair:3   | Killed an alligator
 10090 | Lair:3   | Reached skill level 15 in Unarmed Combat
 10090 | Lair:3   | Reached XP level 12. HP: 65/76 MP: 15/15
 10363 | Lair:3   | Noticed a seven-headed hydra
 10368 | Lair:3   | Killed a seven-headed hydra
 10368 | Lair:3   | Reached skill level 5 in Invocations
 10962 | Lair:4   | Reached skill level 10 in Fighting
 11010 | Lair:4   | Identified a scroll of acquirement
 11485 | Lair:5   | Found a staircase to the Snake Pit.
 11615 | Lair:5   | Noticed a death yak
 11616 | Lair:5   | Noticed a death yak
 11616 | Lair:5   | Noticed a death yak
 11620 | Lair:5   | Killed a death yak
 11625 | Lair:5   | Killed a death yak
 11630 | Lair:5   | Killed a death yak
 11705 | Lair:5   | Noticed a death yak
 11706 | Lair:5   | Noticed a death yak
 11708 | Lair:5   | Noticed a death yak
 11711 | Lair:5   | Killed a death yak
 11720 | Lair:5   | Killed a death yak
 11728 | Lair:5   | Killed a death yak
 11732 | Lair:5   | Reached XP level 13. HP: 36/84 MP: 18/18
 12114 | Lair:5   | Reached skill level 11 in Fighting
 13226 | Lair:6   | Found a labyrinth entrance.
 13235 | Lab      | Entered a labyrinth
 13745 | Lab      | Noticed a minotaur
 13757 | Lab      | Killed a minotaur
 13855 | Lab      | Identified the Papyrus of Sinister Rituals
 13921 | Lair:6   | Learned a level 3 spell: Regeneration
 14570 | Lair:7   | Noticed an ice dragon
 14571 | Lair:7   | Found a frozen archway.
 14580 | Lair:7   | Killed an ice dragon
 14682 | IceCv    | Entered an ice cave
 15219 | IceCv    | Reached skill level 12 in Fighting
 15230 | IceCv    | Got a crude morningstar
 15231 | IceCv    | Identified the +4 morningstar of Defilement {crush, rN+ MR+} (You found it in an ice cave)
 15243 | IceCv    | Got a warped ring mail
 15254 | IceCv    | Identified the +1 ring mail of Vehumet's Supremacy {Slay+5} (You found it in an ice cave)
 15422 | Lair:7   | Reached skill level 1 in Shields
 15599 | Lair:7   | Gained mutation: Your large and strong wings let you fly indefinitely. [Gargoyle growth]
 15599 | Lair:7   | Reached XP level 14. HP: 82/92 MP: 20/20
 15708 | Lair:7   | Identified a +0 rod of ignition (9/9) (You found it on level 7 of the Lair of Beasts)
 16040 | Lair:7   | Learned a level 2 spell: Blink
 16043 | Lair:7   | Learned a level 2 spell: Repel Missiles
 16379 | Lair:8   | Entered Level 8 of the Lair of Beasts
 16392 | Lair:8   | Found a viscous altar of Jiyva.
 16392 | Lair:8   | Found a staircase to the Slime Pits.
 17057 | Lair:8   | Reached skill level 10 in Invocations
 17476 | Lair:8   | Reached skill level 13 in Fighting
 17882 | D:9      | Noticed Psyche
 17885 | D:9      | Noticed Pikel
 17887 | D:9      | Killed Psyche
 17897 | D:9      | Killed Pikel
 17932 | D:9      | Found Cusavufa's Food Boutique.
 18155 | D:9      | Found a staircase to the Orcish Mines.
 18224 | D:9      | Found a sacrificial altar of Ru.
 18546 | Orc:1    | Entered Level 1 of the Orcish Mines
 18688 | Orc:1    | Found a dark tunnel.
 18693 | Volcano  | Entered a volcano
 18963 | Volcano  | Found a burning altar of Makhleb.
 18970 | Volcano  | Reached XP level 15. HP: 99/99 MP: 22/22
 19259 | Orc:1    | Noticed Nergalle
 19273 | Orc:1    | Killed Nergalle
 19539 | Orc:2    | Entered Level 2 of the Orcish Mines
 19593 | Orc:2    | Found a staircase to the Elven Halls.
 19638 | Orc:2    | Found Sabipt's General Store.
 19647 | Orc:2    | Bought a potion of curing for 45 gold pieces
 19701 | Orc:2    | Found Maodenaywn's Antique Armour Emporium.
 19743 | Orc:2    | Found Jayfiyxoh's Weapon Emporium.
 19806 | Orc:2    | Found Festialo's Armour Boutique.
 19983 | Orc:2    | Bought a pair of boots for 130 gold pieces
 19995 | Orc:2    | Found Dyfey's Food Shoppe.
 20469 | Orc:2    | Bought a +2 helmet of see invisible for 279 gold pieces
 20561 | D:10     | Entered Level 10 of the Dungeon
 20739 | D:10     | Found Tadway's Antique Weapon Emporium.
 20771 | D:10     | Noticed Herrn's ghost (journeyman VSFi)
 20776 | D:10     | Killed Herrn's ghost
 21864 | D:12     | Reached skill level 14 in Fighting
 22567 | D:13     | Noticed Kirke
 22581 | D:13     | Killed Kirke
 22677 | D:13     | Found a stormy altar of Qazlal.
 23140 | D:13     | Found a gate to the Vaults.
 23375 | D:14     | Found a shadowy altar of Dithmenos.
 23470 | D:14     | Reached XP level 16. HP: 104/107 MP: 25/25
 24412 | D:15     | Entered Level 15 of the Dungeon
 24649 | D:15     | Found a staircase to the Depths.
 24960 | D:15     | Reached skill level 15 in Fighting
 25641 | Swamp:1  | Entered Level 1 of the Swamp
 25908 | Swamp:1  | Reached skill level 5 in Dodging
 26029 | Swamp:1  | Reached skill level 10 in Armour
 26377 | Swamp:2  | Reached XP level 17. HP: 113/113 MP: 26/26
 26390 | Swamp:2  | Noticed Louise
 26398 | Swamp:2  | Cast into level 2 of the Abyss (Louise)
 26413 | Swamp:2  | Escaped the Abyss
 26440 | Swamp:2  | Killed Louise
 26484 | Swamp:2  | Noticed Donald
 26490 | Swamp:2  | Killed Donald
 26911 | Swamp:2  | Reached skill level 16 in Fighting
 27261 | Swamp:3  | Noticed Nikola
 27307 | Swamp:3  | Killed Nikola
 28202 | Swamp:3  | Learned a level 8 spell: Controlled Blink
 28303 | Swamp:4  | Entered Level 4 of the Swamp
 28930 | Swamp:4  | Noticed the 27-headed Lernaean hydra
 28939 | Swamp:4  | Killed the 27-headed Lernaean hydra
 28983 | Swamp:4  | Got a decaying rune of Zot
 29007 | Swamp:4  | Reached XP level 18. HP: 122/122 MP: 27/27
 29486 | Swamp:1  | Reached skill level 17 in Fighting
 29512 | Snake:1  | Entered Level 1 of the Snake Pit
 30744 | Snake:2  | Reached skill level 1 in Spellcasting
 30805 | Snake:2  | Learned a level 5 spell: Lee's Rapid Deconstruction
 31273 | Snake:3  | Reached skill level 1 in Charms
 31567 | Snake:3  | Found Worejeg's Magic Scroll Shoppe.
 31576 | Snake:3  | Bought a scroll of teleportation for 42 gold pieces
 31576 | Snake:3  | Bought a scroll of fog for 28 gold pieces
 31576 | Snake:3  | Bought a scroll of teleportation for 42 gold pieces
 31576 | Snake:3  | Bought 3 scrolls of recharging for 399 gold pieces
 31692 | Snake:3  | Noticed Azrael
 31711 | Snake:3  | Killed Azrael
 31896 | Snake:4  | Entered Level 4 of the Snake Pit
 32255 | Snake:4  | Reached skill level 1 in Necromancy
 32380 | Snake:4  | Reached skill level 18 in Fighting
 32398 | Snake:4  | Reached XP level 19. HP: 39/130 MP: 28/28
 33217 | Snake:4  | Got a serpentine rune of Zot
 33559 | Elf:1    | Entered Level 1 of the Elven Halls
 33675 | Elf:1    | Noticed Aizul
 33694 | Elf:1    | Killed Aizul
 33947 | Elf:1    | Noticed Frances
 33956 | Elf:1    | Killed Frances
 33990 | Elf:1    | Reached skill level 5 in Necromancy
 34000 | Elf:1    | Reached skill level 15 in Armour
 34553 | Elf:1    | Identified the Almanac of the Six Demons
 34784 | Elf:2    | Reached skill level 19 in Fighting
 34877 | Elf:2    | Found Qint's Magic Scroll Shoppe.
 34887 | Elf:2    | Bought a scroll of acquirement for 728 gold pieces
 34887 | Elf:2    | Bought a scroll of blinking for 105 gold pieces
 34887 | Elf:2    | Bought a scroll of fog for 28 gold pieces
 34887 | Elf:2    | Bought a scroll of holy word for 105 gold pieces
 34887 | Elf:2    | Bought a scroll of magic mapping for 49 gold pieces
 34909 | Elf:2    | Got a dazzling buckler
 34915 | Elf:2    | Identified the +1 buckler "Nejeoru" {Str+4 Int+3 Stlth+} (You acquired it on level 2 of the Elven Halls)
 34974 | Elf:2    | Found a deep blue altar of Sif Muna.
 34979 | Elf:2    | Reached XP level 20. HP: 139/139 MP: 29/29
 35099 | Elf:2    | Found a runed door.
 35125 | Elf:2    | Found a runed door.
 35253 | Elf:2    | Cast into level 3 of the Abyss (a deep elf sorcerer)
 35281 | Abyss:4  | Found a corrupted altar of Lugonu.
 35320 | Abyss:5  | Entered Level 5 of the Abyss
 35371 | Abyss:5  | Noticed a hellephant
 35403 | Abyss:5  | Reached skill level 1 in Translocations
 35431 | Abyss:5  | Gained mutation: You can translocate small distances at will. [a shining eye]
 35440 | Abyss:5  | Noticed a hellephant
 35451 | Abyss:5  | Noticed a hellephant
 35458 | Abyss:5  | Got an abyssal rune of Zot
 35466 | Abyss:5  | Killed a hellephant
 35494 | Abyss:5  | Found a corrupted altar of Lugonu.
 35669 | Abyss:5  | Got a smoking garnet amulet
 35670 | Abyss:5  | Identified the amulet of Miracles {Gourm Fragile rF+ rN+ Stlth+} (You found it on level 5 of the Abyss)
 35769 | Abyss:5  | Gained mutation: Your body sometimes deteriorates upon taking damage. [a neqoxec]
 35771 | Abyss:5  | Lost mutation: Your body sometimes deteriorates upon taking damage. [potion of cure mutation]
 35771 | Abyss:5  | Lost mutation: You can translocate small distances at will. [potion of cure mutation]
 35842 | Abyss:5  | Noticed a bone dragon
 35866 | Abyss:5  | Killed a bone dragon
 35868 | Elf:2    | Escaped the Abyss
 36461 | Elf:3    | Entered Level 3 of the Elven Halls
 36543 | Elf:3    | Reached skill level 5 in Spellcasting
 36588 | Elf:3    | Noticed a Brimstone Fiend
 36588 | Elf:3    | Reached skill level 5 in Translocations
 36616 | Elf:3    | Reached XP level 21. HP: 69/145 MP: 30/30
 36617 | Elf:3    | Cast into level 3 of the Abyss (a deep elf sorcerer)
 36759 | Elf:3    | Escaped the Abyss
 36942 | Elf:3    | Reached skill level 20 in Fighting
 36974 | Elf:3    | Got a transparent marble ring
 36978 | Elf:3    | Identified the ring of the Duke {MR+ Dex+4} (You took it off a deep elf death mage on level 3 of the Elven Halls)
 36984 | Elf:3    | Got an ancient iron ring
 36986 | Elf:3    | Identified the ring of Eding {+Blink rC+ Str-3 Int+3 Dex+2} (You took it off a deep elf knight on level 3 of the Elven Halls)
 37081 | Elf:3    | Identified Sif Muna's Guide on Harmful Clay
 37093 | Elf:3    | Learned a level 9 spell: Shatter
 37147 | Elf:3    | Identified Further Progress in Thaumaturgy
 37510 | Elf:3    | Reached skill level 1 in Earth Magic
 37585 | Elf:3    | Found Cupu's Antique Armour Boutique.
 37593 | Elf:3    | Bought a runed shield for 130 gold pieces
 37618 | Elf:3    | Learned a level 1 spell: Summon Butterflies
 38102 | Vaults:1 | Entered Level 1 of the Vaults
 39085 | Vaults:2 | Reached skill level 5 in Earth Magic
 40099 | Vaults:2 | Found a staircase to the Crypt.
 40186 | Vaults:2 | Reached XP level 22. HP: 153/153 MP: 34/34
 40933 | Vaults:3 | Noticed Boris
 40940 | Vaults:3 | Killed Boris
 41158 | Vaults:3 | Got a pair of heavily runed gloves
 41170 | Vaults:3 | Identified the +0 pair of gloves of Creativity {rElec Regen+ rCorr Slay+6} (You acquired it on level 3 of the Vaults)
 41503 | Vaults:3 | Reached skill level 21 in Fighting
 42244 | Vaults:4 | Reached skill level 10 in Spellcasting
 42318 | Vaults:4 | Reached XP level 23. HP: 160/160 MP: 37/37
 42392 | Vaults:4 | Reached skill level 10 in Earth Magic
 43266 | Crypt:1  | Entered Level 1 of the Crypt
 43950 | Crypt:1  | Identified Jear's Almanac of Aid
 43955 | Crypt:1  | Learned a level 2 spell: Shroud of Golubria
 44312 | Crypt:2  | Noticed Boris
 44325 | Crypt:2  | Killed Boris
 44353 | Crypt:2  | Noticed Margery
 44367 | Crypt:2  | Killed Margery
 44367 | Crypt:2  | Reached skill level 22 in Fighting
 44896 | Crypt:2  | Reached XP level 24. HP: 168/168 MP: 38/38
 44948 | Crypt:3  | Entered Level 3 of the Crypt
 45046 | Crypt:3  | Found an ancient bone altar of Kikubaaqudgha.
 45396 | Crypt:3  | Noticed an ancient lich
 45407 | Crypt:3  | Killed an ancient lich
 45628 | Crypt:3  | Found a staircase to the Tomb.
 45675 | Crypt:3  | Identified the Incunabulum of Evil
 46560 | Slime:1  | Entered Level 1 of the Pits of Slime
 46568 | Slime:1  | Gained mutation: You are weak. (Str -2) [a shining eye]
 46570 | Slime:1  | Gained mutation: You are frail (-10% HP). [a shining eye]
 46572 | Slime:1  | Gained mutation: Scrolls take you a little longer to read. [a shining eye]
 46615 | Slime:1  | Lost mutation: You are frail (-10% HP). [potion of cure mutation]
 46615 | Slime:1  | Lost mutation: Scrolls take you a little longer to read. [potion of cure mutation]
 46615 | Slime:1  | Lost mutation: You are weak. (Str -2) [potion of cure mutation]
 46914 | Slime:1  | HP: 3/170 [titanic slime creature (62)]
 47442 | Slime:2  | Reached skill level 23 in Fighting
 47457 | Slime:2  | Reached XP level 25. HP: 170/176 MP: 39/39
 47556 | Slime:5  | Noticed Dissolution
 47561 | Slime:5  | Killed Dissolution
 47658 | Slime:6  | Entered Level 6 of the Pits of Slime
 47663 | Slime:6  | Reached skill level 15 in Earth Magic
 47919 | Slime:6  | Found a viscous altar of Jiyva.
 48057 | Slime:6  | Noticed the Royal Jelly
 48086 | Slime:6  | Killed the Royal Jelly
 48299 | Slime:6  | Identified Okymid's Compendium of Attacks
 48326 | Slime:6  | Got a sparkling steel ring
 48327 | Slime:6  | Identified the ring of Eroufane {rC++ Int-5 SInv} (You found it on level 6 of the Pits of Slime)
 48334 | Slime:6  | Got a twisted cloak
 48335 | Slime:6  | Identified the +2 cloak of Freedom {Slay+2} (You found it on level 6 of the Pits of Slime)
 48370 | Slime:6  | Got a slimy rune of Zot
 48397 | Slime:6  | Learned a level 6 spell: Iron Shot
 48879 | Depths:1 | Entered Level 1 of the Depths
 48884 | Depths:1 | Found a gateway to Hell.
 49013 | Depths:1 | Reached skill level 5 in Shields
 49127 | Depths:1 | Found a one-way gate to the infinite horrors of the Abyss.
 49147 | Depths:1 | Found a gateway to a ziggurat.
 49981 | Depths:2 | Reached skill level 24 in Fighting
 49981 | Depths:2 | Reached XP level 26. HP: 134/184 MP: 39/39
 50209 | Depths:2 | Noticed an ancient lich
 50222 | Depths:2 | Killed an ancient lich
 50727 | Depths:3 | Found a one-way gate leading to the halls of Pandemonium.
 50734 | Depths:3 | Gained mutation: You possess an exceptional clarity of mind. [a cacodemon]
 50735 | Depths:3 | Gained mutation: Scrolls take you a little longer to read. [a cacodemon]
 50745 | Depths:3 | Gained mutation: You regenerate slowly when monsters are visible. [a neqoxec]
 50746 | Depths:3 | Gained mutation: You do not regenerate naturally when monsters are visible. [a neqoxec]
 50756 | Depths:3 | Lost mutation: Scrolls take you a little longer to read. [potion of cure mutation]
 50756 | Depths:3 | Lost mutation: You possess an exceptional clarity of mind. [potion of cure mutation]
 50756 | Depths:3 | Lost mutation: You do not regenerate naturally when monsters are visible. [potion of cure mutation]
 50756 | Depths:3 | Lost mutation: You regenerate slowly when monsters are visible. [potion of cure mutation]
 50835 | Depths:3 | Noticed Jory
 50892 | Depths:3 | Killed Jory
 51518 | Depths:4 | Found a corrupted altar of Lugonu.
 52250 | Depths:5 | Entered Level 5 of the Depths
 52475 | Depths:5 | Reached skill level 10 in Shields
 52531 | Depths:5 | Found a gate to the Realm of Zot.
 52561 | Depths:5 | Reached XP level 27. HP: 134/192 MP: 39/39
 53025 | Depths:5 | Reached skill level 10 in Translocations
 53567 | Vaults:5 | Entered Level 5 of the Vaults
 53619 | Vaults:5 | Noticed an ancient lich
 53636 | Vaults:5 | Killed an ancient lich
 53636 | Vaults:5 | Reached skill level 25 in Fighting
 54158 | Vaults:5 | Found Toatwiad's Armour Shop.
 54487 | Vaults:5 | Noticed Boris
 54505 | Vaults:5 | Killed Boris
 54527 | Vaults:5 | Found Curraitu's Food Boutique.
 54559 | Vaults:5 | Found Iboaped's Distillery.
 54563 | Vaults:5 | Bought a potion of curing for 60 gold pieces
 54563 | Vaults:5 | Bought a potion of curing for 60 gold pieces
 54665 | Vaults:5 | Got a silver rune of Zot
 54667 | Vaults:5 | Found Daijit's Gadget Boutique.
 54716 | Vaults:5 | Found Ocvybed's Jewellery Emporium.
 54841 | Vaults:5 | Found Vamnom's Distillery.
 54846 | Vaults:5 | Bought a potion of resistance for 140 gold pieces
 54846 | Vaults:5 | Bought 2 potions of heal wounds for 140 gold pieces
 54846 | Vaults:5 | Bought a potion of curing for 42 gold pieces
 54846 | Vaults:5 | Bought a potion of might for 56 gold pieces
 55333 | Depths:3 | Upgraded the game from 0.18-a0-1649-g8d9735b to 0.18-a0-1654-ge73a678
 55334 | Pan      | Entered Pandemonium
 55443 | Pan      | Found an exit through the horrors of the Abyss.
 55469 | Pan      | Noticed Bang the pandemonium lord
 55510 | Pan      | Killed Bang the pandemonium lord
 55933 | Pan      | Reached skill level 26 in Fighting
 55970 | Pan      | Found an exit through the horrors of the Abyss.
 56171 | Pan      | Gained mutation: Your magical capacity is low (-10% MP). [a Zot trap]
 56242 | Pan      | Gained mutation: You are clumsy. (Dex -2) [a cacodemon]
 56354 | Pan      | Gained mutation: You are frail (-10% HP). [a cacodemon]
 56354 | Pan      | Gained mutation: You have a pair of small antennae on your head. [a cacodemon]
 56357 | Pan      | Gained mutation: You are weak. (Str -2) [a cacodemon]
 56363 | Pan      | Lost mutation: You are frail (-10% HP). [a cacodemon]
 56423 | Pan      | Lost mutation: You are clumsy. (Dex -2) [potion of cure mutation]
 56423 | Pan      | Lost mutation: Your magical capacity is low (-10% MP). [potion of cure mutation]
 56423 | Pan      | Lost mutation: You are weak. (Str -2) [potion of cure mutation]
 56423 | Pan      | Lost mutation: You have a pair of small antennae on your head. [potion of cure mutation]
 56722 | Pan      | Found an exit through the horrors of the Abyss.
 56869 | Pan      | Found an exit through the horrors of the Abyss.
 56958 | Pan      | Reached skill level 15 in Shields
 57336 | Pan      | Found an exit through the horrors of the Abyss.
 57446 | Pan      | Found an exit through the horrors of the Abyss.
 57649 | Pan      | Gained mutation: You regenerate slowly when monsters are visible. [a neqoxec]
 57727 | Pan      | Found a runed door.
 57733 | Pan      | Found a runed door.
 57733 | Pan      | Noticed Tooxuiv the pandemonium lord
 57742 | Pan      | Killed Tooxuiv the pandemonium lord
 57751 | Pan      | Found a runed door.
 57751 | Pan      | Found a runed door.
 57819 | Pan      | Entered the realm of Cerebov.
 58149 | Pan      | Noticed Cerebov
 58445 | Pan      | Killed Cerebov
 58693 | Pan      | Found an exit through the horrors of the Abyss.
 58974 | Pan      | Reached skill level 27 in Fighting
 59011 | Pan      | Got a pitted jade ring
 59012 | Pan      | Identified the ring of Suspicion {Fire Fragile +Inv rElec SInv} (You took it off an efreet in Pandemonium)
 59129 | Pan      | Got a fiery rune of Zot
 59343 | Pan      | Reached skill level 15 in Translocations
 59515 | Pan      | Found an exit through the horrors of the Abyss.
 59517 | Pan      | Gained mutation: You are resistant to hostile enchantments. [a neqoxec]
 59529 | Pan      | Found an exit through the horrors of the Abyss.
 59544 | Pan      | Noticed Ataizerr the pandemonium lord
 61001 | Pan      | Found an exit through the horrors of the Abyss.
 61081 | Pan      | Entered the realm of Lom Lobon.
 61081 | Pan      | Noticed Lom Lobon
 61125 | Pan      | Killed Lom Lobon
 61249 | Pan      | Got a magical rune of Zot
 61561 | Pan      | Got a pair of jewelled boots
 61562 | Pan      | Identified the cursed -7 pair of boots "Ysani" {+Fly Str-2 SInv} (You found it in Pandemonium)
 61714 | Pan      | Entered the realm of Gloorx Vloq.
 62097 | Pan      | Noticed Gloorx Vloq
 62122 | Pan      | Killed Gloorx Vloq
 62520 | Pan      | Found an exit through the horrors of the Abyss.
 62821 | Pan      | Got a dark rune of Zot
 63048 | Pan      | Got a brightly glowing pewter amulet
 63049 | Pan      | Identified the amulet "Alazxeas" {Reflect rElec rPois Int+3 SH+5} (You acquired it in Pandemonium)
 63053 | Pan      | Noticed Gopil the pandemonium lord
 63069 | Pan      | Killed Gopil the pandemonium lord
 63098 | Pan      | Killed from afar by a blizzard demon

Vault maps used:
D:1:      lightli_arrival_flooded_house
D:2:      nicolae_overflow_hidden_temple, first_bread, uniq_iyjb
D:3:      nicolae_ashenzari_panopticon, uniq_natasha, uniq_jessica,
          uniq_sigmund, uniq_terence, uniq_robin
D:4:      gammafunk_temple_overflow_pools, enter_ossuary_4,
          hangedman_decor_growths, uniq_grinder, uniq_duvessa
D:5:      nicolae_tso_carved_into_rock, minmay_temple_entry_nine_rooms,
          serial_shops, nicolae_shop_behind_doors
D:6:      kennysheep_little_box, vehumet_altar_wand_db, uniq_prince_ribbit1
D:7:      lightli_temple_of_fire
D:8:      erik_lair_island
D:9:      overflow_temple_1_default, david_orc_1_choice, serial_shops, shop,
          serial_glass, glass_columns_a, glass_columns_b, glass_columns_b,
          feat_on_display, minmay_strange_pillars, uniq_pikel, uniq_psyche
D:10:     serial_shops, shop, hangedman_fish_farm, serial_bayou_ford_a
D:12:     serial_ice, serial_ice_d, serial_ice_e, serial_ice_b, serial_ice_k,
          serial_ice_n
D:13:     grunt_vaults_entry_fortified, basic_altar, uniq_kirke
D:14:     nicolae_dithmenos_through_a_glass_darkly, minmay_misc_feat_columns
D:15:     gammafunk_enter_depths_forms, roderic_lattice_a
Temple:   eino_temple_water_12
Lair:1:   grunt_megastairs_5
Lair:2:   lemuel_fruit_tree
Lair:3:   swamp_mist, serial_bayou_crossing, serial_bayou_shore_a
Lair:4:   lemuel_fruit_fields
Lair:5:   pond_and_an_island_with_a_cottage, dummy_snake_entry, st_stairs_8,
          beast_lair_carwin_10
Lair:6:   lab_entry_generic
Lair:7:   portal_ice_cave_entry_dragon, minivault_26
Lair:8:   hangedman_lair_caniforms_friends, slime_altar_1
Swamp:1:  evilmike_swamp_ruin_house_6
Swamp:2:  evilmike_swamp_ruin_rubble_1, uniq_louise, uniq_donald
Swamp:3:  evilmike_swamp_ruin_house_3, ldierk_geyser, kb_tengu_band, uniq_nikola
Swamp:4:  grunt_swamp_rune_castle
Snake:3:  serial_shops, shop, uniq_azrael
Snake:4:  grunt_snake_rune_pools
Slime:3:  nicolae_slime_ancient_tower_intersection
Slime:5:  dissolution_awaits
Orc:1:    enter_volcano_4, uniq_nergalle
Orc:2:    st_orc_open, serial_shops, shop, abandoned_shop
Elf:1:    hangedman_staggered_hall, minmay_elf_necromancy, uniq_frances,
          uniq_aizul
Elf:2:    serial_shops, nicolae_shop_temple_entry_statues_fountains, basic_altar
Elf:3:    minmay_elf_hall_dome, serial_shops, shop
Vaults:1: grunt_vaults_swirl, hangedman_vaults_impose,
          ontoclasm_vaults_ring_square, hangedman_vaults_unwind,
          nicolae_vaults_sealed_display, nicolae_vaults_shelves_hall,
          vaults_mumra_chevron, nicolae_vaults_quadrants, ontoclasm_vaults_fault
Vaults:2: v_misc_1, minmay_crypt_entry_simple_statues, hangedman_vaults_snaps,
          hangedman_vaults_corner_blocks, serial_ice_g, v_pattern_2,
          nicolae_vaults_rhombus_7, v_misc_9, ontoclasm_vaults_misaligned,
          ontoclasm_vaults_loading_screen
Vaults:3: hangedman_vaults_stretched_pinwheel,
          nicolae_vaults_stairing_the_circle, vaults_room_pools,
          hangedman_vaults_corner, nicolae_vaults_what_the_h,
          vaults_mumra_bighexcomb, v_misc_8, nicolae_vaults_little_squares_4,
          nicolae_vaults_little_squares_2, vaults_mumra_lcd,
          nicolae_vaults_little_squares_2, vaults_room_hallway,
          nicolae_vaults_little_ls, uniq_boris
Vaults:4: dpeg_vaults_monster_box, nicolae_vaults_disjoint_gnomons,
          hangedman_vaults_stitches, hangedman_vaults_restitches, v_pattern_3,
          ontoclasm_vaults_misaligned, hangedman_vaults_slice,
          ontoclasm_vaults_ring_large, ontoclasm_vaults_decontamination,
          vaults_room_hallway, st_cells, vaults_dpeg_hooks, vaults_dpeg_diagonal
Vaults:5: serial_shops, uniq_boris
Crypt:1:  minmay_misc_feat_five, grunt_ministairs_1, st_chilly_death
Crypt:2:  uniq_margery, uniq_boris
Crypt:3:  grunt_crypt_end_deaths_head
Depths:1: enter_ziggurat_d, hellmouth_3, abyss_entry_small_statue_room,
          bh_walls_and_bars, hex_medium, grunt_decor_arrowhead,
          hangedman_abyss_or_decor_slice, minivault_16, nooodl_food_tri
Depths:2: hangedman_crystal_crosses_colossus, serial_shops, hell_entry
Depths:3: impenetrable_vault, nicolae_abyss_entry_one_way_or_another,
          minmay_door_square, pf_hell_entry_tar_spiral,
          grunt_pan_entry_in_and_out, statue_in_the_mist_lemuel,
          infiniplex_staircase_x, firewood_loft, uniq_jorgrun, uniq_frederick,
          uniq_jory
Depths:4: hangedman_screamer, rand_demon_pan_entry_7, hell_entry,
          grunt_decor_resistance, abyss_entry_flame_altar, minmay_holes,
          grunt_megastairs_2, infiniplex_staircase_pool_2
Depths:5: grunt_zot_entry_bicorn, minmay_room_of_horrors, hell_entry,
          spider_trap
Abyss:2:  evilmike_abyss_exit_vortex
Abyss:3:  kilobyte_mutagenic_chamber, evilmike_abyss_exit_1,
          guppyfry_abyss_exit_spiral_guarded, minivault_26,
          hangedman_steaming_rock
Abyss:4:  hangedman_decor_lopped, hangedman_abyss_monster_moat
Abyss:5:  evilmike_abyss_rune_elephants
Pan:      evilmike_mini_pan_diamond, pan_blood_fountain_small,
          evilmike_mini_pan_V, evilmike_mini_pan_other_thingy,
          nicolae_pan_sigil_eeng, evilmike_mini_pan_corridor,
          lemuel_hall_of_pain, evilmike_mini_pan_doors_b, rand_demon_8,
          nicolae_pan_gloorx_vloqian_3, rand_demon_7, pan_blood_fountain_small,
          cerebov, grunt_pan_zigzag, pan_blood_fountain, rand_demon_6,
          rand_demon_4, pan_blood_fountain_small, evilmike_mini_pan_corridor,
          uniq_mennas_pan, lom_lobon_spiral_st, nicolae_pan_gloorx_vloqian_1,
          rand_demon_6, gloorx_vloq_st, nicolae_pan_sigil_obb,
          evilmike_mini_pan_diamond, nicolae_pan_mnolegish_2,
          grunt_pan_frozen_over
Lab:      labyrinth_mini_lab
Ossuary:  ossuary_minmay_four_chambers
IceCv:    ice_cave_tombish
Volcano:  volcano_lake

Skill      XL: |  1  2  3  4  5  6  7  8  9 10 11 12 13 14 15 16 17 18 19 20 21 22 23 24 25 26 27 |
---------------+----------------------------------------------------------------------------------+-----
Unarmed Combat | 5 6 7 8 9 11 12 13 15 16 17 18 19 20 | 20.0
Armour         | 1 4 6 7 10 12 13 15 16 17 18 19 20 21 22 | 22.0
Fighting       | 6 7 9 10 12 13 14 15 16 18 19 20 21 22 23 24 27 | 27.0
Invocations    | 4 7 9 10 12 | 12.0
Shields        | 1 4 6 10 19 | 19.3
Dodging        | 5 8 9 |  9.0
Spellcasting   | 2 5 8 10 11 12 14 | 14.4
Charms         | 3 4 |  4.0
Necromancy     | 1 6 |  6.0
Translocations | 5 6 9 16 | 16.7
Earth Magic    | 6 9 12 14 16 17 23 | 23.8
Stealth        | |  2.1

Action                   |  1- 3 |  4- 6 |  7- 9 | 10-12 | 13-15 | 16-18 | 19-21 | 22-24 | 25-27 || total
-------------------------+-------+-------+-------+-------+-------+-------+-------+-------+-------++-------
Melee: Unarmed           |   145 |   162 |   495 |   619 |  1529 |  1706 |  1580 |  2024 |  4443 || 12703
 Cast: Repel Missiles    |       |       |       |       |     1 |     1 |     6 |     7 |     9 ||    24
       Regeneration      |       |       |       |       |       |       |     6 |     3 |    26 ||    35
       Blink             |       |       |       |       |       |       |       |    15 |     3 ||    18
       Summon Butterflie |       |       |       |       |       |       |       |     2 |     1 ||     3
       Lee's Rapid Decon |       |       |       |       |       |       |       |       |    51 ||    51
       Iron Shot         |       |       |       |       |       |       |       |       |     6 ||     6
       Shroud of Golubri |       |       |       |       |       |       |       |       |     2 ||     2
Invok: Slouch            |       |       |       |       |     5 |       |    10 |     5 |    11 ||    31
       Step From Time    |       |       |       |       |       |       |       |     1 |       ||     1
 Abil: Fly               |       |       |       |       |     1 |     3 |       |       |     5 ||     9
       Evoke Fog         |       |       |       |       |       |       |     1 |     1 |     4 ||     6
       Stop Flying       |       |       |       |       |       |       |       |       |     5 ||     5
Evoke: Wand              |       |       |       |     5 |     5 |       |     9 |       |     9 ||    28
       Fan of gales      |       |       |       |       |       |       |       |     1 |     1 ||     2
       Lamp of fire      |       |       |       |       |       |       |       |     1 |     1 ||     2
       Phantom mirror    |       |       |       |       |       |       |       |       |     1 ||     1
  Use: Scroll            |       |     6 |    10 |    15 |    16 |    10 |     7 |     7 |    27 ||    98
       Potion            |       |       |     2 |       |     3 |     3 |     5 |    11 |    13 ||    37
 Stab: Sleeping          |     1 |     3 |     5 |       |       |       |       |       |       ||     9
       Invisible         |       |       |       |       |       |    13 |       |     2 |       ||    15
       Petrified         |       |       |       |       |       |       |     4 |       |       ||     4
       Distracted        |       |       |       |       |       |       |       |     1 |     5 ||     6
       Petrifying        |       |       |       |       |       |       |       |       |     3 ||     3
       Paralysed         |       |       |       |       |       |       |       |       |     3 ||     3
  Eat: Chunk             |     1 |     4 |     9 |    12 |    23 |    20 |    18 |    14 |    28 ||   129
       Royal jelly       |       |       |       |       |     1 |       |       |       |     1 ||     2
       Beef jerky        |       |       |       |       |       |       |     1 |       |       ||     1
       Meat ration       |       |       |       |       |       |       |       |     1 |       ||     1
       Fruit             |       |       |       |       |       |       |       |       |     1 ||     1
       Bread ration      |       |       |       |       |       |       |       |       |     4 ||     4
